 Dungeon Crawl Stone Soup version 0.21.1-1-g345015f (webtiles) character file.

3405 Dfrag the Destroyer (level 10, -5/112 HPs)
             Began as a Naga Conjurer on Feb 23, 2018.
             Was an Initiate of Makhleb.
             Slain by a gargoyle
             ... wielding a +0 morningstar
              (17 damage)
             ... on level 9 of the Dungeon.
             The game lasted 00:07:55 (5576 turns).

Dfrag the Destroyer (Naga Conjurer)                 Turns: 5576, Time: 00:07:56

Health: -5/112     AC:  7    Str: 15    XL:     10   Next: 4%
Magic:  6/29       EV: 10    Int: 19    God:    Makhleb [......]
Gold:   400        SH:  4    Dex: 12    Spells: 16/27 levels left

rFire    . . .     SeeInvis +   e - +1 whip (venom)
rCold    . . .     Gourm    .   (no shield)
rNeg     . . .     Faith    .   a - +0 robe
rPois    +         Spirit   .   (no helmet)
rElec    .         Reflect  .   (no cloak)
rCorr    .         Harm     .   x - +0 pair of gloves
MR       +....     Rnd*Tele +   (no barding)
Stlth    ..........             (no amulet)
HPRegen  0.28/turn              F - ring of magical power
MPRegen  0.21/turn              (no ring)

@: berserking (expiring), quick
A: large, large bone plates 1, molten scales 1, see invisible, deformed body,
low mp 1, poison resistance, slowness 2, slow metabolism 1, spit poison 1,
teleportitis 1, AC +3
a: Spit Poison, Renounce Religion


You were on level 9 of the Dungeon.
You worshipped Makhleb.
Makhleb was noncommittal.
You were very hungry.

You visited 2 branches of the dungeon, and saw 10 of its levels.

You collected 400 gold pieces.

Inventory:

Hand Weapons
 e - a +1 whip of venom (weapon)
Armour
 a - a +0 robe (worn)
 x - a +0 pair of gloves (worn)
Jewellery
 F - a ring of magical power (left hand)
Wands
 D - a wand of random effects (34)
Scrolls
 g - 2 scrolls of immolation
 j - a scroll of enchant armour {unknown}
 l - 3 scrolls of teleportation
 m - a scroll of summoning {unknown}
 o - 2 scrolls of enchant weapon
 p - 2 scrolls of remove curse
 s - 2 scrolls of magic mapping {unknown}
 v - a scroll of blinking {unknown}
 y - 2 scrolls of amnesia {unknown}
 B - a scroll of noise {unknown}
 E - a scroll of holy word {unknown}
 G - 2 scrolls of fear {unknown}
 H - a scroll of identify
Potions
 d - a potion of invisibility
 f - 3 potions of flight
 h - a potion of degeneration {unknown}
 k - 3 potions of mutation
 n - 2 potions of curing
 q - a potion of lignification {unknown}
 r - a potion of heal wounds {unknown}
 t - 2 potions of haste {unknown}
 u - a potion of might {unknown}
 z - a potion of resistance {unknown}
 A - a potion of brilliance {unknown}
Books
 b - a book of Conjurations

   Spells                             Type                      Level
   a - Magic Dart                     Conjuration                  1
   b - Searing Ray                    Conjuration                  2
   c - Dazzling Spray                 Conjuration/Hexes            3
   d - Fulminant Prism                Conjuration/Hexes            4
   e - Force Lance                    Conjuration/Translocation    4
   f - Iskenderun's Mystic Blast      Conjuration                  4
Comestibles
 c - 17 rations


   Skills:
 - Level 1.5 Dodging
 - Level 3.0 Stealth
 + Level 9.3 Spellcasting
 + Level 10.6 Conjurations


You had 16 spell levels left.
You knew the following spells:

 Your Spells              Type           Power        Failure   Level  Hunger
a - Magic Dart            Conj           ####         1%          1    None
b - Searing Ray           Conj           #####.       1%          2    None
c - Iskenderun's Mystic   Conj           #####...     1%          4    ###....
d - Force Lance           Conj/Tloc      ####....     9%          4    ###....


Dungeon Overview and Level Annotations

Branches:
Dungeon (9/15)             Temple (1/1) D:7
   Lair: D:8-11         Orc: D:9-12

Altars:
Ashenzari
Cheibriados
Dithmenos
Elyvilon
Fedhas
Hepliaklqana
Kikubaaqudgha
Makhleb
Okawaru
Ru
Sif Muna
Vehumet
Xom
Yredelemnul
Zin
The Shining One

Annotations:
D:8 Travesty's ghost, novice MiBe


Innate Abilities, Weirdness & Mutations

You cannot wear boots.
Your serpentine skin is tough. (AC +3)
You have supernaturally acute eyesight. (SInv)
Armour fits poorly on your strangely shaped body.
Your system is resistant to poisons. (rPois)
You cover ground very slowly.
You have a slow metabolism.
You can spit poison.
You are partially covered in large bone plates. (SH +4)
You are partially covered in molten scales. (AC +2)
Your magical capacity is low. (-10% MP)
You are occasionally teleported next to monsters.


Message History

The gargoyle is moderately damaged.
You closely miss the gargoyle.
The gargoyle is moderately damaged.
The gargoyle hits you but does no damage.
You hit the gargoyle.
The gargoyle is heavily damaged.
The gargoyle hurls a stone arrow at you.
The stone arrow hits you!
* * * LOW HITPOINT WARNING * * *
You whack the gargoyle!
The gargoyle is almost destroyed.
You completely miss the gargoyle.
The gargoyle is almost destroyed.
The gargoyle hurls a stone arrow at you.
The stone arrow hits you!
* * * LOW HITPOINT WARNING * * *
You hit the gargoyle but do no damage.
The gargoyle is almost destroyed.
The gargoyle hits you with a morningstar!
You die...

.#..... .##########
........#.#### ########
........#....# # #.<....#
........'....# %# #......#
........######## #. #.###..#
.######....# .#. #.#######
.#...<#....# #9# #..#....#
##....#....# ##@#####..#...##
###'###....#+##.....##..##..#
#.............#.###.###'##..##
#.............#..............#
#.............#..............#
#.............#..............#
#.............#.###.##..###+##
#....##########.######..##
#....#...................#


You could see a gargoyle.

Vanquished Creatures
  A two-headed ogre (D:8)
  A wizard (D:9)
  A manticore (D:9)
  An ice beast (D:7)
  A sky beast (D:6)
  A phantom (D:4)
  A necrophage (D:5)
  5 ogres
  A bullfrog (D:7)
  A water moccasin zombie (D:9)
  A howler monkey (D:4)
  2 crimson imps
  A bullfrog zombie (D:7)
  7 hounds
  A jelly (D:9)
  2 orc priests
  A bullfrog skeleton (D:4)
  2 iguanas
  3 worker ants
  6 orc wizards
  A hound zombie (D:7)
  A howler monkey zombie (D:4)
  A worker ant zombie (D:5)
  10 adders
  2 shadow imps (D:7)
  2 oozes (D:3)
  An adder skeleton (D:6)
  2 dart slugs
  7 leopard geckos
  15 orcs
  A ball python (D:4)
  3 giant cockroaches
  5 hobgoblins
  11 jackals
  9 kobolds
  3 quokkas
  5 bats
  A frilled lizard (D:3)
  6 goblins
  A jackal skeleton (D:4)
  3 rats
130 creatures vanquished.

Notes
Turn   | Place    | Note
-------+----------+-------------------------------------------
     0 | D:1      | Dfrag the Naga Conjurer began the quest for the Orb.
     0 | D:1      | Reached XP level 1. HP: 15/15 MP: 3/3
   215 | D:1      | Reached XP level 2. HP: 22/22 MP: 1/5
   288 | D:1      | Learned a level 2 spell: Searing Ray
   696 | D:2      | Reached XP level 3. HP: 28/28 MP: 6/6
  1295 | D:3      | Reached XP level 4. HP: 12/36 MP: 0/8
  1303 | D:3      | Reached skill level 5 in Conjurations
  1323 | D:3      | HP: 1/36 [goblin/stone (2)]
  1591 | D:3      | Reached XP level 5. HP: 40/42 MP: 2/10
  1766 | D:3      | Found a deep blue altar of Sif Muna.
  2021 | D:4      | Learned a level 4 spell: Iskenderun's Mystic Blast
  2026 | D:4      | Learned a level 4 spell: Force Lance
  2043 | D:4      | Noticed an ogre
  2050 | D:4      | Killed an ogre
  2050 | D:4      | Reached XP level 6. HP: 49/49 MP: 8/12
  2064 | D:4      | Reached skill level 6 in Conjurations
  2375 | D:4      | Reached XP level 7. HP: 55/55 MP: 9/14
  2388 | D:4      | Reached skill level 5 in Spellcasting
  2799 | D:4      | Reached skill level 7 in Conjurations
  2996 | D:4      | Reached XP level 8. HP: 43/62 MP: 9/16
  3139 | D:5      | Entered Level 5 of the Dungeon
  4008 | D:6      | Reached skill level 8 in Conjurations
  4175 | D:7      | Found a staircase to the Ecumenical Temple.
  4196 | Temple   | Entered the Ecumenical Temple
  4276 | Temple   | Became a worshipper of Makhleb the Destroyer
  4496 | D:7      | Reached XP level 9. HP: 68/68 MP: 19/20
  4591 | D:7      | Reached skill level 9 in Conjurations
  4866 | D:7      | Found an ancient bone altar of Kikubaaqudgha.
  4937 | D:8      | Noticed a two-headed ogre
  4948 | D:8      | Killed a two-headed ogre
  5038 | D:8      | Noticed Travesty's ghost (novice MiBe)
  5110 | D:9      | HP: 2/68 [yak (7)]
  5114 | D:9      | Gained mutation: You are partially covered in large bone plates. (SH +4) [potion of mutation]
  5114 | D:9      | Gained mutation: You are occasionally teleported next to monsters. [potion of mutation]
  5114 | D:9      | Gained mutation: Your magical capacity is low. (-10% MP) [potion of mutation]
  5114 | D:9      | Gained mutation: You are partially covered in molten scales. (AC +2) [potion of mutation]
  5117 | D:9      | HP: 3/68 [yak (9)]
  5558 | D:9      | Noticed a wizard
  5564 | D:9      | Noticed a manticore
  5564 | D:9      | Killed a wizard
  5564 | D:9      | Reached skill level 10 in Conjurations
  5567 | D:9      | Noticed a gargoyle
  5567 | D:9      | Killed a manticore
  5567 | D:9      | Reached XP level 10. HP: 36/75 MP: 4/20
  5576 | D:9      | Slain by a gargoyle

Skill      XL: |  1  2  3  4  5  6  7  8  9 |
---------------+----------------------------+-----
Spellcasting   | 3 4 5 7 9 |  9.3
Conjurations   | 5 6 7 8 10 | 10.6
Dodging        | |  1.5
Stealth        | |  3.0

Action                   |  1- 3 |  4- 6 |  7- 9 | 10-12 || total
-------------------------+-------+-------+-------+-------++-------
Melee: Unarmed           |     4 |       |       |       ||     4
       Whip              |     7 |    28 |    50 |     7 ||    92
 Cast: Magic Dart        |    26 |    19 |    16 |       ||    61
       Searing Ray       |     3 |     8 |    46 |       ||    57
       Iskenderun's Myst |       |       |     5 |     1 ||     6
       Force Lance       |       |       |     4 |       ||     4
 Abil: Spit Poison       |    26 |    19 |     5 |       ||    50
  Use: Scroll            |       |       |     6 |       ||     6
       Potion            |       |       |     4 |     1 ||     5
 Stab: Sleeping          |       |       |     2 |       ||     2
  Eat: Chunk             |     2 |     4 |     9 |       ||    15
Armor: Robe              |     4 |    13 |    45 |     2 ||    64
Dodge: Dodged            |    28 |    24 |    89 |     1 ||   142
Block: Other             |       |       |       |     1 ||     1
